 Dungeon Crawl Stone Soup version 0.30-a0-845-g7c6808c8ce (webtiles) character file.

Game seed: 15875195553857501129

4 Esekla the Sneak (level 1, -7/16 HPs)
             Began as an Octopode Delver on Mar 3, 2023.
             Killed from afar by an orc wizard (13 damage)
             ... with a puff of flame
             ... on level 5 of the Dungeon.
             The game lasted 00:01:55 (53 turns).

Esekla the Sneak (Octopode Delver)                    Turns: 53, Time: 00:01:56

Health: -7/16      AC:  1    Str: 11    XL:     1   Next: 60%
Magic:  1/1        EV: 13    Int: 12    God:
Gold:   0          SH:  0    Dex: 13    Spells: 0/0 levels left

rFire   . . .      SeeInvis .    a - +0 falchion
rCold   . . .      Faith    .    (no shield)
rNeg    . . .      Spirit   .    (helmet restricted)
rPois   .          Reflect  .    (no amulet)
rElec   .          Rampage  .    (no ring)
rCorr   .                        (no ring)
Will    .....                    (no ring)
Stlth   ++++                     (no ring)
HPRegen 0.22/turn                (no ring)
MPRegen 0.07/turn                (no ring)
                                 (no ring)
                                 (no ring)

@: hasted, very quick
A: almost no armour, amphibious, 8 rings, camouflage 1, gelatinous body 1,
(nimble swimmer 1), tentacles
a: no special abilities


You were on level 5 of the Dungeon.
You visited 1 branch of the dungeon, and saw 1 of its levels.

Inventory:

Hand Weapons
 a - a +0 falchion (weapon)
Wands
 f - a wand of digging (3)
Scrolls
 b - a scroll of fog
 d - a scroll of fear


   Skills:
 * Level 3.0 Fighting
 * Level 2.0 Long Blades
 * Level 2.0 Dodging
 + Level 6.7 Stealth
 * Level 0.1 Spellcasting


You couldn't memorise any spells.
You didn't know any spells.
Your spell library was empty.

Dungeon Overview and Level Annotations

Branches:
Dungeon (5/15)
 Temple: D:4-7

Altars:


Innate Abilities, Weirdness & Mutations

You cannot wear most types of armour.
You are amphibious.
You can wear up to eight rings at the same time.
Your skin changes colour to match your surroundings (Stealth+).
Your rubbery body absorbs attacks. (AC +1, EV +1)
((You are camouflaged when in or above water. (Stealth+)))
You have tentacles for arms and can constrict up to eight enemies at once.


Message History

The orc wizard flickers and vanishes!
Deactivating autopickup; reactivate with Ctrl-A.
You don't know any spells.
You barely miss the orc. You grab the orc.
You constrict the orc, but do no damage.
The orc hits you but does no damage.
You hit the orc but do no damage. You constrict the orc.
The orc completely misses you.
You hit the orc.
The orc is severely wounded.
You constrict the orc.
You kill the orc!
You barely miss the orc. You grab the orc. You constrict the orc.
The orc barely misses you.
You hit the orc.
You kill the orc!
Something completely misses you.
You closely miss something. Something hits you.
You hit something. You squeeze something. Something hits you.
You hit something but do no damage. Your squeeze misses something.
Something hits you.
You hit something. Something hits you.
You miss something. Your squeeze misses something. Something hits you.
Something barely misses you.
Okay, then.
You feel yourself speed up. Something hits you.
You hear some strange, mumbled words.
You are confused.
You bump into the rock wall.
You bump into the rock wall.
You bump into the rock wall.
You bump into the rock wall.
Something hits you.
You're too confused to move!
You feel less confused. Something barely misses you.
A puff of flame appears from out of thin air!
The puff of flame hits you!
Ouch! That really hurt!
You die...

,,,,,,*
*,****,,**.......*,****,*
*,*****
*,,,,,,,,,.......*,,,,,*,
*,*
*******###..o....,,,,,***
,,* #.........*****,*,
*** #.#.......*,,,,,,*
#.#.......*,******
#)########*,* ####.######
*** #...@.....#
#.#.....#.# * #.#.>...#.#
******** #{#.....#.#
*,,,**,, #.#{.#..#.#
*,,,+,** #.o.....#.#
*,,,*** ###.......# *****
####.#### *.#


You could see an orc.

Vanquished Creatures
  2 orcs (D:5)
2 creatures vanquished.

Notes
Turn   | Place    | Note
-------+----------+-------------------------------------------
     0 | D:5      | Esekla the Octopode Delver began the quest for the Orb.
     0 | D:5      | Reached XP level 1. HP: 16/16 MP: 1/1
    18 | D:5      | Noticed an orc wizard
    53 | D:5      | Killed from afar by an orc wizard

Illustrated notes

Levels and vault maps discovered:
D:5:      layout_loops_cross, nicolae_qazlal_scattered_showers,
          uniq_crazy_yiuf_cottage, uniq_pikel, uniq_eustachio

Action                     || total
---------------------------++-------
  Melee: Falchion          ||    10
         Constrict         ||     2
         Tentacles         ||     1
    Use: Scroll            ||     1
         Potion            ||     1
 Armour: Skin              ||     1
  Dodge: Dodged            ||     5

Table legend: (Time is in decaauts)
 A = Elapsed time spent in this place.
 B = Non-inter-level travel time spent in this place.
 C = Inter-level travel time spent in this place.
 D = Time resting spent in this place.
 E = Time spent auto-exploring this place.
 F = Levels seen in this place.
 G = Mean time per level.
                   A        B        C        D        E       F      G
               +--------+--------+--------+--------+--------+-----+--------+
         Total |     49 |     49 |      0 |      0 |      0 |   1 |   49.0 |
       Dungeon |     49 |     49 |      0 |      0 |      0 |   1 |   49.0 |
               +--------+--------+--------+--------+--------+-----+--------+

Top non-repeatable levels by time:
     D:5: 49 daAuts
